 Dungeon Crawl Stone Soup version 0.22.1-1-ga44c0e56f4 (webtiles) character file.

3541 Ihlosi the Fighter (level 10, -1/118 HPs)
             Began as an Ogre Fighter on Nov 1, 2018.
             Was an Elder of Okawaru.
             Slain by a troll (6 damage)
             ... on level 9 of the Dungeon.
             The game lasted 00:38:27 (11392 turns).

Ihlosi the Fighter (Ogre Fighter)                  Turns: 11392, Time: 00:38:27

Health: -1/118     AC:  6    Str: 22    XL:     10   Next: 8%
Magic:  14/14      EV:  9    Int: 11    God:    Okawaru [****..]
Gold:   837        SH:  9    Dex: 11    Spells: 13/15 levels left

rFire    + . .     SeeInvis .   b - +1 hand axe (freeze)
rCold    + + +     Gourm    +   c - +0 shield
rNeg     + . .     Faith    .   t - +1 robe
rPois    +         Spirit   .   (helmet restricted)
rElec    .         Reflect  .   q - scarf {rC+ rF+}
rCorr    .         Harm     .   (gloves unavailable)
MR       +....                  (boots unavailable)
Stlth    +.........             e - amulet of the gourmand
HPRegen  0.29/turn              h - ring of poison resistance
MPRegen  0.14/turn              u - ring "Fomepp" {rC++ rN+ AC+2 Int+2}

@: flying
A: large, unfitting armour, tough skin 1
a: Heroism, Renounce Religion


You were on level 9 of the Dungeon.
You worshipped Okawaru.
Okawaru was greatly pleased with you.
You were completely stuffed.

You visited 2 branches of the dungeon, and saw 10 of its levels.

You collected 837 gold pieces.

Inventory:

Hand Weapons
 a - a +2 mace of protection
 b - a +1 hand axe of freezing (weapon)
 g - a +0 flail
 l - a +2 short sword of draining
 m - a +0 morningstar
 r - a +1 dagger of draining
 G - a +1 mace
Armour
 c - a +0 shield (worn)
 k - a +0 cloak
 q - a scarf of resistance (worn)
 t - a +1 robe (worn)
 E - a +0 troll leather armour {Purgy}
Jewellery
 e - an amulet of the gourmand (around neck)
 h - a ring of poison resistance (left hand)
 o - an uncursed ring of protection from fire
 u - the ring "Fomepp" (right hand) {rC++ rN+ AC+2 Int+2}
   (You found it on level 6 of the Dungeon)

   [ring of protection]

   It affects your AC (+2).
   It affects your intelligence (+2).
   It greatly protects you from cold.
   It protects you from negative energy.
 y - an uncursed ring of wizardry
 H - an uncursed ring of positive energy
Wands
 v - a wand of random effects (18)
 x - a wand of digging (16)
 K - a wand of disintegration (9)
Scrolls
 d - 2 scrolls of teleportation
 i - 2 scrolls of enchant weapon
 j - 6 scrolls of identify
 n - 6 scrolls of remove curse
 p - a scroll of enchant armour
 s - a scroll of noise
 w - 2 scrolls of random uselessness
 B - 3 scrolls of amnesia
 D - 2 scrolls of vulnerability
 F - a scroll of fear
Potions
 z - 2 potions of resistance
 A - a potion of haste
 C - a potion of flight
 I - a potion of curing
Comestibles
 f - 13 rations


   Skills:
 + Level 12.8 Fighting
 * Level 7.4 Maces & Flails
 + Level 3.8 Dodging
 - Level 3.0 Shields
 - Level 3.0 Spellcasting
 * Level 2.0 Translocations
 - Level 3.0 Invocations
 * Level 1.7 Evocations


You had 13 spell levels left.
You knew the following spells:

 Your Spells              Type           Power        Failure   Level  Hunger
a - Blink                 Tloc           N/A          52%         2    ###....

Your spell library contained the following spells:

 Spells                   Type           Power        Failure   Level  Hunger
 Magic Dart               Conj           #...         67%         1    #......
 Call Imp                 Summ           #.......     80%         2    ###....
 Slow                     Hex            #.......     80%         2    ###....
 Conjure Flame            Conj/Fire      #.......     95%         3    ###....
 Mephitic Cloud           Conj/Pois/Air  #.......     95%         3    ###....


Dungeon Overview and Level Annotations

Branches:
Dungeon (9/15)             Temple (1/1) D:6
   Lair: D:8-11         Orc: D:9-12

Altars:
Cheibriados
Dithmenos
Elyvilon
Fedhas
Gozag
Hepliaklqana
Kikubaaqudgha
Makhleb
Nemelex Xobeh
Okawaru
Qazlal
Ru
Sif Muna
Trog
Uskayaw
Vehumet
Wu Jian
Xom
Yredelemnul
Zin
The Shining One

Annotations:
D:4 Troll?
D:8 Two-headed ogre


Innate Abilities, Weirdness & Mutations

You are too large for most types of armour.
You have tough skin. (AC +1)


Message History

* * * LOW HITPOINT WARNING * * *
The troll closely misses you.
As you read the scroll of fear, it crumbles to dust.
You assume a fearsome visage.
The troll looks frightened!
Okay, then.
A quokka comes into view.
The orc warrior shouts!
You hear a shout!
You hear a screech!
The quokka twitches its whiskers.
A wyvern skeleton comes into view.
You hit the troll. You freeze the troll.
The troll is lightly wounded.
The troll closely misses you. The troll claws you.
* * * LOW HITPOINT WARNING * * *
The troll closely misses you.
The quokka bites you but does no damage.
You slash the quokka! You freeze the quokka.
You kill the quokka!
Okawaru accepts your kill.
You closely miss the troll. The troll bites you.
You die...

#.# #.##...##.#.# ##.# ..
#....#....#.# .. ## ##### #####.#
#.. . #.# ##. #Z #.. #.###.#
#..#.# #...######## .. #T@†o.....
###. #.######## ### #.. #.# ..
#.# #.################.
#########.#####............T.....
......[..........###############.
......%..........#
##################


You could see a troll, an orc warrior and a wyvern skeleton.

Vanquished Creatures
  A troll (D:5)
  A hippogriff (D:9)
  Purgy (D:3)
  2 sky beasts
  8 phantoms
  An ogre (D:5)
  3 centaurs
  A crocodile (D:7)
  3 big kobolds
  5 bullfrogs
  2 scorpions
  A wight (D:9)
  A bullfrog zombie (D:6)
  4 crimson imps
  3 jellies
  2 hounds
  2 bullfrog skeletons
  2 orc priests
  An orc wizard (D:6)
  8 worker ants
  2 hound skeletons (D:6)
  14 adders
  8 gnolls
  A howler monkey skeleton (D:4)
  2 oozes
  2 worms
  5 dart slugs
  8 leopard geckos
  23 orcs
  2 bats (D:3)
  6 giant cockroaches
  5 goblins
  9 hobgoblins
  17 jackals
  4 quokkas
  A ball python (D:1)
  5 frilled lizards
  20 kobolds
  A leopard gecko skeleton (D:4)
  A leopard gecko zombie (D:6)
  15 rats
203 creatures vanquished.

Notes
Turn   | Place    | Note
-------+----------+-------------------------------------------
     0 | D:1      | Ihlosi the Ogre Fighter began the quest for the Orb.
     0 | D:1      | Reached XP level 1. HP: 24/24 MP: 1/1
   293 | D:1      | Reached XP level 2. HP: 29/32 MP: 2/2
   607 | D:1      | Reached XP level 3. HP: 26/40 MP: 3/3
   875 | D:2      | Reached XP level 4. HP: 23/49 MP: 4/4
  1081 | D:2      | Reached skill level 5 in Fighting
  1181 | D:2      | Found an ancient bone altar of Kikubaaqudgha.
  1181 | D:2      | Found a snail-covered altar of Cheibriados.
  1856 | D:2      | Reached XP level 5. HP: 48/59 MP: 5/5
  1954 | D:2      | Reached skill level 6 in Fighting
  2635 | D:3      | Noticed Purgy
  2968 | D:3      | Found an iron altar of Okawaru.
  2976 | D:3      | Became a worshipper of Warmaster Okawaru
  3204 | D:4      | Found a hazy altar of Hepliaklqana.
  3204 | D:4      | Found a white marble altar of Elyvilon.
  3209 | D:4      | Found an opulent altar of Gozag.
  3250 | D:4      | HP: 3/61 [poisoned by a scorpion]
  3736 | D:4      | Reached XP level 6. HP: 68/68 MP: 6/6
  3977 | D:4      | Noticed a moth of wrath
  3980 | D:4      | Found a bloodstained altar of Trog.
  4080 | D:4      | Reached skill level 7 in Fighting
  4155 | D:4      | Found a glowing silver altar of Zin.
  4156 | D:4      | Found a sacrificial altar of Ru.
  4174 | D:4      | Noticed a phantom
  4176 | D:4      | Noticed a phantom
  4309 | D:3      | Learned a level 2 spell: Blink
  4333 | D:4      | Reached skill level 1 in Invocations
  4393 | D:5      | Entered Level 5 of the Dungeon
  4395 | D:5      | Noticed a troll
  4644 | D:4      | Found a deep blue altar of Sif Muna.
  4648 | D:4      | Found a burning altar of Makhleb.
  4863 | D:6      | Found a stormy altar of Qazlal.
  4875 | D:6      | Found a staircase to the Ecumenical Temple.
  5224 | D:6      | Reached XP level 7. HP: 74/78 MP: 8/8
  5253 | Temple   | Entered the Ecumenical Temple
  5437 | D:6      | Got a smoking amber ring
  5439 | D:6      | Identified the ring "Fomepp" {rC++ rN+ AC+2 Int+2} (You
                  | found it on level 6 of the Dungeon)
  5473 | D:6      | Reached * piety under Okawaru
  6169 | D:6      | Reached skill level 8 in Fighting
  6312 | D:6      | Reached skill level 5 in Maces & Flails
  6490 | D:6      | Reached XP level 8. HP: 64/89 MP: 10/10
  6511 | D:6      | Reached ** piety under Okawaru
  7096 | D:6      | Reached skill level 1 in Spellcasting
  7267 | D:7      | Reached skill level 9 in Fighting
  7459 | D:7      | Reached skill level 10 in Fighting
  8009 | D:7      | Reached XP level 9. HP: 84/102 MP: 13/13
  8107 | D:5      | Reached *** piety under Okawaru
  8119 | D:5      | Killed a troll
  8119 | D:5      | Reached skill level 11 in Fighting
  8143 | D:5      | Identified a scroll of acquirement
  8873 | D:4      | Reached skill level 12 in Fighting
  9544 | D:3      | Killed Purgy
  9789 | D:8      | Found a shimmering altar of Xom.
  9869 | D:8      | Reached **** piety under Okawaru
  9869 | D:8      | Reached skill level 1 in Translocations
  9871 | D:8      | Reached skill level 1 in Evocations
 10305 | D:8      | Noticed a two-headed ogre
 11254 | D:9      | Noticed a troll
 11254 | D:9      | Noticed a two-headed ogre
 11280 | D:9      | Reached XP level 10. HP: 83/118 MP: 14/14
 11374 | D:9      | HP: 1/118 [troll (7)]
 11391 | D:9      | HP: 4/118 [troll (2)]
 11392 | D:9      | Slain by a troll

Skill      XL: |  1  2  3  4  5  6  7  8  9 10 |
---------------+-------------------------------+-----
Maces & Flails | 2 3 4 5 6 7 |  7.4
Dodging        | 3 |  3.8
Shields        | 3 |  3.0
Fighting       | 5 6 7 8 10 12 | 12.8
Invocations    | 1 3 |  3.0
Spellcasting   | 3 |  3.0
Translocations | 1 2 |  2.0
Evocations     | 1 |  1.7

Action                   |  1- 3 |  4- 6 |  7- 9 | 10-12 || total
-------------------------+-------+-------+-------+-------++-------
Melee: Mace              |    84 |   317 |    78 |       ||   479
       Flail             |     8 |       |       |       ||     8
       Short sword       |       |    22 |       |       ||    22
       Hand axe          |       |    19 |   538 |    30 ||   587
  Use: Potion            |     1 |     5 |     4 |     1 ||    11
       Scroll            |       |     7 |     5 |     1 ||    13
 Stab: Invisible         |       |     1 |       |       ||     1
       Sleeping          |       |     1 |       |       ||     1
  Eat: Chunk             |    10 |    14 |    21 |     1 ||    46
Armor: Robe              |    40 |    96 |   154 |    13 ||   303
       Skin              |       |       |    32 |       ||    32
Dodge: Dodged            |    36 |   122 |   161 |    22 ||   341
Block: Shield            |    44 |   192 |   252 |    16 ||   504
